 Dungeon Crawl Stone Soup version 0.22.1-6-g1668fe2 (webtiles) character file.

37476 Monzz the Bludgeoner (level 13, -4/126 HPs)
             Began as a Minotaur Berserker on Jan 27, 2019.
             Was a High Priest of Trog.
             Slain by a very large slime creature (24 damage)
             ... on level 14 of the Dungeon.
             The game lasted 00:49:10 (14286 turns).

Monzz the Bludgeoner (Minotaur Berserker)          Turns: 14286, Time: 00:49:11

Health: -4/126     AC: 22    Str: 26      XL:     13   Next: 58%
Magic:  12/12      EV:  9    Int: 12      God:    Trog [*****.]
Gold:   896        SH:  0    Dex: 14 (15) Spells: 12/12 levels left

rFire    . . .     SeeInvis .   a - +0 dire flail (curse)
rCold    . . .     Gourm    .   (shield currently unavailable)
rNeg     . . .     Faith    +   s - +0 plate armour
rPois    .         Spirit   .   H - +2 hat {Int+3}
rElec    .         Reflect  .   L - +0 cloak of Patza {Dex+5}
rCorr    .         Harm     .   Y - +0 pair of gloves (curse)
MR       .....                  (no boots)
Stlth    ..........             m - amulet of faith
HPRegen  0.31/turn              b - +4 ring of intelligence
MPRegen  0.13/turn              F - +4 ring of slaying

@: no status effects
A: retaliatory headbutt, horns 2, deterioration 1
a: Berserk, Trog's Hand, Brothers in Arms, Renounce Religion


You were on level 14 of the Dungeon.
You worshipped Trog.
Trog was extremely pleased with you.
You were not hungry.

You visited 1 branch of the dungeon, and saw 14 of its levels.
You also visited: Ossuary.

You collected 968 gold pieces.
You spent 72 gold pieces at shops.

Inventory:

Hand Weapons
 a - a cursed +0 dire flail (weapon)
 i - a +3 great sword of flaming
 k - a +4 morningstar of crushing
 M - the +6 hunting sling of Vavvoach {velocity, -Tele *Contam +Inv Str+10}
   (Trog gifted it to you on level 10 of the Dungeon)

   Any stone fired from it inflicts extra damage.
   It affects your strength (+10).
   It lets you turn invisible.
   It prevents most forms of teleportation.
   It causes magical contamination when unequipped.
 Q - a +6 antimagic flail
 V - a cursed -1 morningstar
 W - a +3 antimagic battleaxe
 Z - a +2 great mace of draining
Missiles
 y - 2 steel javelins (quivered)
 P - 54 sling bullets
 T - 7 curare-tipped needles
Armour
 s - a +0 plate armour (worn)
 H - a +2 hat of intelligence (worn)
 L - the +0 cloak of Patza (worn) {Dex+5}
   (You found it on level 11 of the Dungeon)

   It affects your dexterity (+5).
 U - a +1 pair of gloves
 Y - a cursed +0 pair of gloves (worn)
Jewellery
 b - a +4 ring of intelligence (left hand)
 l - an uncursed ring of ice
 m - an amulet of faith (around neck)
 q - an uncursed ring of protection from cold
 v - an uncursed ring of ice
 w - an uncursed ring of flight
 F - a +4 ring of slaying (right hand)
Wands
 p - a wand of disintegration (11)
 u - a wand of paralysis (3)
 C - a wand of acid (8)
 E - a wand of random effects (35)
 K - a wand of scattershot (5)
 R - a wand of digging (8)
Scrolls
 d - 12 scrolls of identify
 g - 4 scrolls of teleportation
 j - 3 scrolls of fog
 o - 2 scrolls of enchant armour
 B - 2 scrolls of magic mapping
 G - 3 scrolls of fear
 I - a scroll of enchant weapon
Potions
 e - 5 potions of flight
 f - 11 potions of curing
 n - 3 potions of agility
 t - 3 potions of brilliance {unknown}
 x - 5 potions of magic
 z - 3 potions of haste
 A - a potion of cancellation
 D - 2 potions of might
 N - a potion of berserk rage {unknown}
 O - a potion of heal wounds
 S - a potion of mutation {unknown}
Miscellaneous
 r - a phantom mirror
 J - a lamp of fire
Comestibles
 c - 22 rations


   Skills:
 + Level 15.1 Fighting
 - Level 16.8 Maces & Flails
 - Level 0.8 Throwing
 + Level 15.0 Armour
 - Level 2.1 Dodging
 - Level 2.5 Stealth
 + Level 0.7 Evocations


You had 12 spell levels left.
You didn't know any spells.
Your spell library contained the following spells:

 Spells                   Type           Power        Failure   Level  Hunger
 Confusing Touch          Hex            #.....       92%         1    ##.....
 Confuse                  Hex            #.......     100%        3    ####...
 Gell's Gravitas          Tloc           #.........   100%        3    ####...
 Petrify                  Tmut/Erth      #.......     100%        4    #####..
 Metabolic Englaciation   Hex/Ice        #.........   100%        5    ######.
 Yara's Violent Unravell  Hex/Tmut       #.........   100%        5    ######.


Dungeon Overview and Level Annotations

Branches:
Dungeon (14/15)            Temple (0/1) D:6            Lair (0/6) D:9
    Orc (0/2) D:12         Vaults (0/5) D:14

Altars:
Ashenzari
Cheibriados
Fedhas
Gozag
Hepliaklqana
Kikubaaqudgha
Makhleb
Okawaru
Ru
Trog
Uskayaw
Wu Jian
Xom
Yredelemnul

Shops:
D:5 !   D:11 =

Annotations:
D:11 3 runed doors, Zakra's ghost, journeyman MiFi


Innate Abilities, Weirdness & Mutations

You reflexively headbutt those who attack you in melee.
You have a pair of horns on your head.
Your body sometimes deteriorates upon taking damage.


Message History

Trog accepts your kill.
Two slime creatures merge to form a very large slime creature.
You bludgeon the very large slime creature!!
You headbutt the very large slime creature.
The very large slime creature is lightly wounded.
The very large slime creature hits you!!!
Your body deteriorates!
You feel clumsy.
You puncture the very large slime creature!
You headbutt the very large slime creature.
The very large slime creature is moderately wounded.
You bludgeon the very large slime creature!!
You headbutt the very large slime creature!
The very large slime creature is heavily wounded.
The very large slime creature hits you!!!
* * * LOW HITPOINT WARNING * * *
You stick the very large slime creature like a pincushion!!!
You headbutt the very large slime creature!!
The very large slime creature is almost dead.
The very large slime creature hits you!!
You die...

.... .... #### $....
##...# .... ##.....
... #...... #.###
#...... #...# #......
###J# ##..... #@##
#...... #..# ###......
##.# #........ #.#
#..#.....
#.########......#
.#####...).).#####....
#.......)####.## #####
#........# #..## #
#........# ##..# #


You could see a very large slime creature.

Vanquished Creatures
  Gastronok (D:8)
  8 vault guards
  2 hydras
  6 centaur warriors
  2 two-headed ogres
  4 unseen horrors
  3 skeletal warriors (D:12)
  A wizard (D:12)
  A deep elf mage (D:14)
  5 ugly things
  A manticore (D:13)
  3 cyclopes
  3 gargoyles
  2 kobold demonologists
  An efreet (D:14)
  A komodo dragon (D:9)
  A troll (D:13)
  Prince Ribbit (D:7)
  6 hippogriffs
  Sigmund (D:5)
  A shadow (D:14)
  A spriggan (D:7)
  3 wyverns
  A basilisk (D:12)
  A wraith (D:12)
  6 yaks (D:9)
  A vampire (D:11)
  2 steam dragons
  3 vampire mosquitoes (D:12)
  A warg (D:12)
  A water moccasin (D:10)
  An acid dragon (D:12)
  A black bear (D:12)
  5 orc warriors
  3 sky beasts
  2 hornet zombies
  10 ogres
  2 eyes of draining
  2 necrophages (D:11)
  7 ice beasts
  4 phantoms
  4 centaurs
  3 crocodiles
  6 big kobolds
  4 bullfrogs
  12 scorpions
  16 wights
  A killer bee (D:11)
  7 howler monkeys
  5 crimson imps
  A quasit (D:5)
  5 centaur zombies
  6 orc priests
  2 human zombies (Ossuary)
  3 bullfrog skeletons
  5 hounds
  2 jellies
  5 centaur skeletons
  9 orc wizards
  Ijyb (D:3)
  4 iguanas
  13 worker ants
  A big kobold zombie (Ossuary)
  A hound zombie (D:11)
  A hound skeleton (D:5)
  4 mummies
  A worker ant zombie (D:8)
  7 gnolls
  2 scorpion zombies (Ossuary)
  6 adders
  3 shadow imps
  2 adder skeletons
  2 worms
  7 leopard geckos
  52 orcs
  4 bats
  5 giant cockroaches
  3 gnoll zombies
  6 goblins
  3 hobgoblins
  11 jackals
  7 quokkas
  A ball python (D:1)
  3 frilled lizards
  A giant cockroach zombie (D:3)
  2 goblin zombies
  A hobgoblin zombie (Ossuary)
  23 kobolds
  3 kobold zombies (Ossuary)
  A leopard gecko skeleton (D:4)
  A leopard gecko zombie (D:5)
  4 orc zombies (Ossuary)
  A quokka skeleton (D:8)
  6 rats
  A rat zombie (D:4)
401 creatures vanquished.

Vanquished Creatures (others)
  3 plants (D:9)
  2 withered plants (D:11)
5 creatures vanquished.

Grand Total: 406 creatures vanquished

Notes
Turn   | Place    | Note
-------+----------+-------------------------------------------
     0 | D:1      | Monzz the Minotaur Berserker began the quest for the Orb.
     0 | D:1      | Reached XP level 1. HP: 19/19 MP: 0/0
   117 | D:1      | Reached skill level 4 in Maces & Flails
   324 | D:1      | Reached XP level 2. HP: 24/26 MP: 1/1
   976 | D:2      | Reached skill level 5 in Maces & Flails
   976 | D:2      | Reached XP level 3. HP: 25/31 MP: 2/2
  1369 | D:3      | Reached ** piety under Trog
  1437 | D:3      | Found a faded altar of an unknown god.
  1437 | D:3      | Found an ornate altar of the Wu Jian Council.
  1460 | D:3      | Found a faded altar of an unknown god.
  1471 | D:3      | Found a sacrificial altar of Ru.
  1473 | D:3      | Found a bloodstained altar of Trog.
  1536 | D:3      | Noticed Ijyb
  1545 | D:3      | Paralysed by Ijyb for 2 turns
  1552 | D:3      | Killed Ijyb
  1552 | D:3      | Reached skill level 6 in Maces & Flails
  1552 | D:3      | Reached XP level 4. HP: 29/39 MP: 3/3
  1574 | D:3      | Found a basalt altar of Yredelemnul.
  1841 | D:3      | Found a sacrificial altar of Ru.
  1969 | D:4      | Reached skill level 7 in Maces & Flails
  1969 | D:4      | Reached XP level 5. HP: 34/45 MP: 4/4
  2391 | D:4      | Noticed an ogre
  2398 | D:4      | Killed an ogre
  2398 | D:4      | Reached skill level 8 in Maces & Flails
  2398 | D:4      | Reached skill level 1 in Stealth
  2398 | D:4      | Reached XP level 6. HP: 38/51 MP: 5/5
  2421 | D:4      | Found a sand-covered staircase.
  2429 | Ossuary  | Entered an ossuary
  2553 | Ossuary  | Reached skill level 9 in Maces & Flails
  2650 | Ossuary  | Reached XP level 7. HP: 47/57 MP: 6/6
  2708 | Ossuary  | Reached skill level 10 in Maces & Flails
  2713 | Ossuary  | Reached *** piety under Trog
  2785 | Ossuary  | Reached skill level 11 in Maces & Flails
  2903 | D:4      | Reached XP level 8. HP: 48/64 MP: 7/7
  3024 | D:5      | Entered Level 5 of the Dungeon
  3248 | D:5      | Reached skill level 12 in Maces & Flails
  3421 | D:5      | Noticed Sigmund
  3671 | D:5      | Found Lykeg's Distillery.
  3685 | D:5      | Bought a potion of heal wounds for 60 gold pieces
  3685 | D:5      | Bought a potion of degeneration for 12 gold pieces
  3767 | D:5      | You fall through a shaft for 2 floors!
  3773 | D:7      | Reached skill level 13 in Maces & Flails
  3875 | D:7      | Noticed Prince Ribbit
  3886 | D:7      | Killed Prince Ribbit
  3886 | D:7      | Reached XP level 9. HP: 44/70 MP: 8/8
  3888 | D:7      | Found a hide-covered altar of Uskayaw.
  3997 | D:7      | Reached **** piety under Trog
  4004 | D:7      | Reached skill level 14 in Maces & Flails
  4399 | D:6      | Found a hazy altar of Hepliaklqana.
  4500 | D:6      | Found an ancient bone altar of Kikubaaqudgha.
  4583 | D:6      | Received a gift from Trog
  4596 | D:6      | Found a blossoming altar of Fedhas.
  4609 | D:6      | Found a blossoming altar of Fedhas.
  4797 | D:6      | Found a staircase to the Ecumenical Temple.
  5131 | D:5      | Killed Sigmund
  5131 | D:5      | Reached skill level 15 in Maces & Flails
  5337 | D:8      | Found a shimmering altar of Xom.
  5337 | D:8      | Found an opulent altar of Gozag.
  5339 | D:8      | Found a burning altar of Makhleb.
  5349 | D:8      | Noticed Gastronok
  5573 | D:8      | Killed Gastronok
  5573 | D:8      | Reached skill level 16 in Maces & Flails
  5573 | D:8      | Reached XP level 10. HP: 11/77 MP: 9/9
  5708 | D:8      | Identified a scroll of acquirement
  6189 | D:8      | Found a shattered altar of Ashenzari.
  6306 | D:8      | Found an iron altar of Okawaru.
  6443 | D:9      | Reached ***** piety under Trog
  6462 | D:9      | Found a snail-covered altar of Cheibriados.
  6548 | D:9      | Reached skill level 5 in Fighting
  6570 | D:9      | Reached skill level 5 in Armour
  7211 | D:9      | Found a staircase to the Lair.
  7421 | D:10     | Entered Level 10 of the Dungeon
  7650 | D:10     | Reached XP level 11. HP: 85/92 MP: 10/10
  7889 | D:10     | Received a gift from Trog
  7890 | D:10     | Got a brightly glowing hunting sling {god gift}
  7892 | D:10     | Identified the +6 hunting sling of Vavvoach {velocity,
                  | -Tele *Contam +Inv Str+10} (Trog gifted it to you on level
                  | 10 of the Dungeon)
  7919 | D:10     | Gained mutation: Your body sometimes deteriorates upon
                  | taking damage. [mutagenic glow]
  8060 | D:11     | Got a brightly glowing cloak
  8066 | D:11     | Identified the +0 cloak of Patza {Dex+5} (You found it on
                  | level 11 of the Dungeon)
  8149 | D:11     | Found Beushruul's Jewellery Shoppe.
  8161 | D:11     | Found a runed gate.
  8174 | D:11     | Noticed a centaur warrior
  8180 | D:11     | Noticed a five-headed hydra
  8183 | D:11     | Killed a centaur warrior
  8184 | D:11     | Noticed a brown ugly thing
  8234 | D:11     | Killed an unseen horror
  8870 | D:11     | Found a runed gate.
  8870 | D:11     | Found an opulent altar of Gozag.
  8870 | D:11     | Found a runed gate.
  9000 | D:11     | Killed a brown ugly thing
  9056 | D:11     | Killed a five-headed hydra
  9056 | D:11     | Reached skill level 10 in Fighting
  9056 | D:11     | Reached skill level 10 in Armour
  9475 | D:11     | Noticed a deep troll
  9475 | D:11     | Noticed Zakra's ghost (journeyman MiFi)
  9784 | D:12     | Noticed a skeletal warrior
  9798 | D:12     | Killed a skeletal warrior
  9801 | D:12     | Noticed a skeletal warrior
  9801 | D:12     | Noticed a skeletal warrior
  9811 | D:12     | Killed a skeletal warrior
  9820 | D:12     | Killed a skeletal warrior
 10152 | D:12     | Noticed a wizard
 10166 | D:12     | Killed a wizard
 10166 | D:12     | Reached XP level 12. HP: 108/110 MP: 11/11
 10579 | D:12     | Noticed a two-headed ogre
 10591 | D:12     | Killed a two-headed ogre
 10705 | D:12     | Found a staircase to the Orcish Mines.
 11357 | D:13     | Noticed a centaur warrior
 11404 | D:12     | Received a gift from Trog
 11893 | D:13     | Killed a centaur warrior
 12883 | D:13     | Noticed a centaur warrior
 12884 | D:13     | Noticed a centaur warrior
 12889 | D:13     | Killed a centaur warrior
 12899 | D:13     | Killed a centaur warrior
 13013 | D:13     | Noticed an eight-headed hydra
 13030 | D:13     | Killed an eight-headed hydra
 13091 | D:14     | Noticed a vault guard
 13091 | D:14     | Noticed a vault guard
 13091 | D:14     | Noticed a vault guard
 13091 | D:14     | Noticed a vault guard
 13108 | D:13     | Killed a vault guard
 13108 | D:13     | Reached XP level 13. HP: 93/122 MP: 12/12
 13528 | D:14     | Found a gate to the Vaults.
 13646 | D:14     | Received a gift from Trog
 14254 | D:14     | Reached skill level 15 in Fighting
 14264 | D:14     | Reached skill level 15 in Armour
 14286 | D:14     | Slain by a very large slime creature

Skill      XL: |  1  2  3  4  5  6  7  8  9 10 11 12 13 |
---------------+----------------------------------------+-----
Maces & Flails | 4 5 6 7 8 9 11 13 16 | 16.8
Stealth        | 1 2 |  2.5
Armour         | 7 11 13 15 | 15.0
Fighting       | 7 11 13 15 | 15.1
Throwing       | |  0.8
Dodging        | |  2.1
Evocations     | |  0.7

Action                   |  1- 3 |  4- 6 |  7- 9 | 10-12 | 13-15 || total
-------------------------+-------+-------+-------+-------+-------++-------
Melee: Mace              |    75 |   129 |   296 |    11 |       ||   511
       Headbutt          |     7 |    23 |    71 |   165 |    53 ||   319
       Whip              |       |       |       |   166 |       ||   166
       Morningstar       |       |       |       |    36 |       ||    36
       Dire flail        |       |       |       |   427 |   146 ||   573
Throw: Javelin           |       |       |       |     2 |       ||     2
Invok: Berserk           |       |       |     2 |     3 |     1 ||     6
       Trog's Hand       |       |       |     1 |       |       ||     1
Evoke: Wand              |       |       |       |     2 |     2 ||     4
  Use: Scroll            |       |       |    19 |     6 |     1 ||    26
       Potion            |       |       |     1 |     1 |       ||     2
  Eat: Chunk             |     2 |     3 |     8 |    14 |     2 ||    29
       Ration            |       |       |     1 |     4 |     1 ||     6
Armor: Animal skin       |     4 |       |       |       |       ||     4
       Ring mail         |     7 |     1 |       |       |       ||     8
       Plate armour      |       |    55 |   144 |   353 |    67 ||   619
Dodge: Dodged            |    34 |    43 |   100 |   151 |    23 ||   351
